 Dungeon Crawl Stone Soup version 0.23-a0-512-g50a8178 (webtiles) character file.

92242 tilp the Imperceptible (level 15, -35/81 HPs)
             Began as a Spriggan Enchanter on Dec 3, 2018.
             Was the Champion of Kikubaaqudgha.
             Killed from afar by a fire giant (55 damage)
             ... with a fireball
             ... on level 15 of the Dungeon on Dec 5, 2018.
             The game lasted 03:29:16 (36312 turns).

tilp the Imperceptible (Spriggan Enchanter)        Turns: 36312, Time: 03:29:17

Health: -35/81     AC:  9    Str:  4    XL:     15   Next: 57%
Magic:  0/28       EV: 29    Int: 29    God:    Kikubaaqudgha [******]
Gold:   1810       SH:  0    Dex: 17    Spells: 8/30 levels left

rFire    . . .     SeeInvis +   a - +3 short sword (drain)
rCold    . . .     Gourm    .   (shield restricted)
rNeg     . . .     Faith    .   f - +0 troll leather armour
rPois    +         Spirit   +   T - +2 hat {Int+3}
rElec    .         Reflect  .   Q - +2 cloak {rPois}
rCorr    .         Harm     .   (gloves unavailable)
MR       ++...                  (boots unavailable)
Stlth    +++++++++.             l - amulet of guardian spirit
HPRegen  0.63/turn              v - +3 ring of intelligence
MPRegen  0.21/turn              o - ring of stealth

@: very quick
A: very small, unfitting armour, see invisible, herbivore, speed 3, slow
metabolism 2
a: Receive Corpses, Torment, Brand Weapon With Pain, Receive Necronomicon,
Renounce Religion


You were on level 15 of the Dungeon.
You worshipped Kikubaaqudgha.
Kikubaaqudgha was exalted by your worship.
You were very hungry.

You visited 3 branches of the dungeon, and saw 23 of its levels.
You also visited: Ossuary, Bailey and Volcano.

You collected 2580 gold pieces.
You spent 770 gold pieces at shops.

Inventory:

Hand Weapons
 a - a +3 short sword of draining (weapon)
 b - a +4 rapier of holy wrath
 m - the cursed +3 long sword of Annoyance {freeze, *Rage +Inv Int+3 Dex+7}
   (You took it off a kobold in a bailey)

   It has been specially enchanted to freeze those struck by it, causing extra
   injury to most foes and up to half again as much damage against particularly
   susceptible opponents.
   It can also slow down cold-blooded creatures.
   It affects your intelligence (+3).
   It affects your dexterity (+7).
   It lets you turn invisible.
   It may make you go berserk in combat.
   It has a curse placed upon it.
 W - the +4 long sword of Earthquakes {freeze, rElec Str+2 Dex-5}
   (You found it on level 6 of the Lair of Beasts)

   It has been specially enchanted to freeze those struck by it, causing extra
   injury to most foes and up to half again as much damage against particularly
   susceptible opponents.
   It can also slow down cold-blooded creatures.
   It affects your strength (+2).
   It affects your dexterity (-5).
   It insulates you from electricity.
Missiles
 w - 58 tomahawks of returning (quivered)
Armour
 f - a +0 troll leather armour (worn)
 g - a scarf of resistance
 G - a +2 robe of magic resistance
 Q - a +2 cloak of poison resistance (worn)
 T - a +2 hat of intelligence (worn)
Magical Staves
 y - an uncursed staff of energy
Jewellery
 l - an amulet of guardian spirit (around neck)
 o - a ring of stealth (right hand)
 v - a +3 ring of intelligence (left hand)
 B - an uncursed ring of protection from magic
 H - an uncursed ring of ice
 M - an uncursed ring of wizardry {unknown}
 N - a cursed ring of positive energy
 Z - the ring of the Sunfish {rCorr +Blink rC- Str+3 Int+3}
   (You found it on level 6 of the Lair of Beasts)

   [ring of resist corrosion]

   It affects your strength (+3).
   It affects your intelligence (+3).
   It makes you vulnerable to cold.
   It lets you blink.
Wands
 C - a wand of flame (59)
 J - a wand of acid (11)
 O - a wand of disintegration (51)
 P - a wand of digging (5)
 V - a wand of polymorph (10)
 X - a wand of paralysis (9)
Scrolls
 e - 4 scrolls of magic mapping
 h - 13 scrolls of remove curse
 k - 2 scrolls of enchant weapon
 p - 4 scrolls of fog
 u - 10 scrolls of teleportation
 D - 3 scrolls of fear
 F - 3 scrolls of blinking
 L - 5 scrolls of amnesia
 R - a scroll of identify
Potions
 d - 3 potions of invisibility
 i - 3 potions of might
 j - 3 potions of ambrosia
 n - a potion of resistance
 q - 4 potions of mutation
 r - 16 potions of curing
 s - a potion of berserk rage
 t - 9 potions of flight
 x - 8 potions of agility
 z - 2 potions of lignification
 A - 4 potions of brilliance
 E - a potion of magic
 I - 5 potions of heal wounds
 K - 4 potions of haste
 S - a potion of cancellation
Miscellaneous
 U - a lamp of fire
 Y - a phantom mirror
Comestibles
 c - 14 rations


   Skills:
 * Level 10.8 Fighting
 - Level 10.0 Short Blades
 + Level 16.2 Dodging
 * Level 21.0 Stealth
 + Level 8.0 Spellcasting
 + Level 10.0 Hexes
 - Level 3.0 Summonings
 - Level 8.0 Necromancy
 - Level 6.0 Evocations


You had 8 spell levels left.
You knew the following spells:

 Your Spells              Type           Power        Failure   Level  Hunger
a - Apportation           Tloc           ##....       9%          1    None
b - Ensorcelled Hibernat  Hex/Ice        #####.       1%          2    None
c - Confuse               Hex            ######..     1%          3    None
d - Tukima's Dance        Hex            ######..     1%          3    None
e - Regeneration          Chrm/Necr      ####......   4%          3    None
f - Animate Skeleton      Necr           N/A          1%          1    None
g - Sublimation of Blood  Necr           ######....   1%          2    None
h - Dazzling Spray        Conj/Hex       #####.       3%          3    None
i - Conjure Flame         Conj/Fire      ##......     24%         3    None
j - Summon Butterflies    Summ           ####....     2%          1    None

Your spell library contained the following spells:

 Spells                   Type           Power        Failure   Level  Hunger
 Corona                   Hex            ######.      1%          1    None
 Pain                     Necr           ####         1%          1    None
 Spectral Weapon          Hex/Chrm       #####...     3%          3    None
 Animate Dead             Necr           N/A          3%          4    #......
 Infusion                 Chrm           ##..         9%          1    None
 Shock                    Conj/Air       ##..         9%          1    None
 Agony                    Necr           ######..     9%          5    ####...
 Dispel Undead            Necr           ######..     9%          5    ####...
 Poisonous Vapours        Pois/Air       ##....       12%         2    None
 Shroud of Golubria       Chrm/Tloc      ##........   12%         2    None
 Song of Slaying          Chrm           ##......     12%         2    None
 Swiftness                Chrm/Air       ##......     12%         2    None
 Invisibility             Hex            ######..     21%         6    ######.
 Lesser Beckoning         Tloc           ##........   24%         3    None
 Mephitic Cloud           Conj/Pois/Air  ##......     24%         3    None
 Static Discharge         Conj/Air       ##......     24%         3    None
 Metabolic Englaciation   Hex/Ice        #####.....   28%         5    ####...
 Bolt of Draining         Conj/Necr      ####......   41%         5    ####...
 Borgnjor's Vile Clutch   Necr/Erth      ####......   41%         5    ####...
 Airstrike                Air            ##........   63%         4    #......
 Ice Form                 Ice/Tmut       ##......     63%         4    #......
 Alistair's Intoxication  Tmut/Pois      ##......     92%         5    ####...
 Bolt of Magma            Conj/Fire/Erth ##........   92%         5    ####...
 Iskenderun's Battlesphe  Conj/Chrm      ##......     92%         5    ####...
 Lightning Bolt           Conj/Air       ##........   92%         5    ####...
 Venom Bolt               Conj/Pois      ##........   92%         5    ####...
 Simulacrum               Ice/Necr       ####......   94%         6    ######.
 Bolt of Cold             Conj/Ice       ##........   100%        6    ######.
 Freezing Cloud           Conj/Ice/Air   ##........   100%        6    ######.
 Iron Shot                Conj/Erth      ##........   100%        6    ######.
 Ozocubu's Refrigeration  Ice            ##........   100%        6    ######.
 Orb of Destruction       Conj           ##........   100%        7    #######
 Ring of Flames           Chrm/Fire      ##........   100%        7    #######
 Spellforged Servitor     Conj/Summ      ###.......   100%        7    #######


Dungeon Overview and Level Annotations

Branches:
Dungeon (15/15)            Temple (0/1) D:6            Lair (6/6) D:9
  Swamp (0/4) Lair:4       Spider (0/4) Lair:3        Slime (0/5) Lair:5
    Orc (2/2) D:12            Elf (0/3) Orc:2        Vaults (0/5) D:14
 Depths (0/5) D:15

Altars:
Dithmenos
Elyvilon
Gozag
Kikubaaqudgha
Nemelex Xobeh
Ru
Wu Jian
Yredelemnul
The Shining One
Beogh

Shops:
D:7 }   D:12 !(%   Orc:2 %(*}

Portals:
Pandemonium: Orc:2

Annotations:
D:9 3 death yaks wandering!
D:10 1 runed door, tilp's ghost, journeyman MfIE
Lair:3 !catoblepas
Lair:5 exclusion: 2 oklob plants


Innate Abilities, Weirdness & Mutations

You are very small and have problems with some larger weapons.
You are too small for most types of armour.
You have supernaturally acute eyesight. (SInv)
You are a herbivore.
You cover ground extremely quickly.
You need to consume almost no food.


Message History

Press: ? - help, Shift-Dir - straight line, f/p - fire giant
Aim: a fire giant (chance to defeat MR: 18%)
The fire giant resists with almost no effort.
Casting: Ensorcelled Hibernation (safe; 1% risk of failure)
Confirm with . or Enter, or press ? or * to list all spells.
Aiming: Ensorcelled Hibernation (safe; 1% risk of failure)
Press: ? - help, Shift-Dir - straight line, f/p - fire giant
Aim: a fire giant (chance to defeat MR: 18%)
The fire giant resists with almost no effort.
Your +1 great sword of flaming hits the fire giant!
A fire giant is nearby!
The fire giant points at you and mumbles some strange words.
The bolt of fire hits you!
Ouch! That really hurt!
* * * LOW HITPOINT WARNING * * *
The fire giant points at you and mumbles some strange words.
The fireball explodes!
The fireball engulfs you!
Ouch! That really hurt!
You die...
Kikubaaqudgha rasps: "You have failed me!
Welcome... death!"

############...#######.#
...............# #.#
...............# #.#
.......(.......# #.#
...............# #.#
...........(C..#######.#
.......................##
........................#
≈≈≈.............@.......##
≈#≈......................#
≈≈§...##########.........###
≈≈≈...# #...........# §≈#...#
#...........# §§≈.§.#
#...........# §§≈...#
#...........# §#≈...#
#...........#
≈≈§C..##########...........##


You could see a fire giant and a friendly +1 great sword of flaming.

Vanquished Creatures
  Gastronok (Lair:2)
  Kirke (D:13)
  Donald (Orc:2)
  8 hydras
  Erolcha (D:13)
  A catoblepas (D:15)
  8 two-headed ogres
  2 centaur warriors
  4 orc high priests
  3 skeletal warriors (D:15)
  2 unseen horrors
  A gelid demonspawn (Orc:2)
  8 orc knights
  A wolf spider zombie (D:15)
  A wolf spider (D:15)
  A deep elf mage (D:15)
  7 orc sorcerers (Orc:2)
  A cyclops (D:12)
  10 ugly things
  2 centaur zombies (D:15)
  14 elephants
  A salamander (Volcano)
  A rust devil (Orc:2)
  Joseph (Lair:1)
  An orange demon (Orc:2)
  28 spiny frogs
  A kobold demonologist (D:14)
  4 komodo dragons
  An ice devil (Orc:2)
  A yaktaur (shapeshifter) (D:15)
  2 freezing wraiths
  A hellwing (Orc:2)
  A red devil (Orc:2)
  A polar bear (shapeshifter) (D:15)
  7 trolls
  A polar bear (Lair:4)
  Prince Ribbit (D:7)
  21 blink frogs
  4 tyrant leeches (Lair:6)
  A hornet (D:10)
  2 dream sheep (D:8)
  5 slime creatures (D:14)
  9 hippogriffs
  3 wraiths
  A fire elemental (Lair:6)
  10 humans (D:14)
  3 wyverns
  A vampire (D:14)
  Grum (D:9)
  2 hogs (D:13)
  3 fire bats (Lair:6)
  4 basilisks
  35 yaks
  A hungry ghost (D:9)
  A steam dragon (Lair:5)
  6 wargs
  13 vampire mosquitoes
  4 swamp worms (Lair:4)
  A soldier ant (D:14)
  An acid dragon (D:12)
  The ghost of nikopol the Firebug, an amateur DEFE (D:3)
  Duvessa (D:7)
  13 water moccasins
  18 orc warriors
  11 porcupines
  4 ice beasts
  A hornet zombie (D:15)
  4 sky beasts
  A phantom (D:12)
  2 black bears
  A necrophage (D:8)
  22 wolves
  9 ogres
  11 centaurs
  An eye of draining (D:15)
  10 crocodiles
  An elf zombie (Ossuary)
  26 bullfrogs
  7 big kobolds
  2 wyvern zombies
  A gnoll sergeant (D:6)
  3 scorpions
  A wyvern skeleton (D:11)
  Dowan (D:7)
  3 killer bees (D:10)
  5 wights
  5 howler monkeys (D:10)
  9 crimson imps
  3 bullfrog zombies
  4 human zombies
  7 hounds
  24 orc priests
  2 jellies
  4 centaur skeletons
  21 orc wizards
  5 iguanas
  14 worker ants
  2 human simulacra (D:11)
  A hound skeleton (D:3)
  A hound zombie (D:5)
  5 mummies
  6 gnolls
  A howler monkey skeleton (D:3)
  17 adders
  4 shadow imps
  3 oozes
  3 adder zombies
  4 adder skeletons
  2 worms
  3 dart slugs
  8 leopard geckos
  61 orcs
  A ball python (D:8)
  12 bats
  5 giant cockroaches
  10 goblins
  6 hobgoblins
  15 jackals
  4 quokkas (D:4)
  7 frilled lizards
  A goblin zombie (Ossuary)
  A hobgoblin zombie (Ossuary)
  A jackal skeleton (D:8)
  44 kobolds
  A kobold zombie (Ossuary)
  2 orc zombies (Ossuary)
  6 rats
  A rat zombie (Ossuary)
  2 butterflies (Lair:5)
761 creatures vanquished.

Vanquished Creatures (collateral kills)
  An ogre mage (D:15)
  A vault guard (D:14)
  2 two-headed ogres
  An orc high priest (Orc:2)
  An orc sorcerer (Orc:2)
  An elephant (Lair:6)
  11 orc warriors
  A centaur (D:14)
  4 orc priests (Orc:2)
  6 orcs
  A goblin (Bailey)
  A hobgoblin (Bailey)
  A plant (Lair:6)
32 creatures vanquished.

Vanquished Creatures (others)
  A centaur warrior (D:14)
  An elephant (Lair:6)
  4 dancing weapons
  A human (D:14)
  A bullfrog zombie (D:11)
  24 fungi
  60 plants
92 creatures vanquished.

Grand Total: 885 creatures vanquished

Notes
Turn   | Place    | Note
-------+----------+-------------------------------------------
     0 | D:1      | tilp the Spriggan Enchanter began the quest for the Orb.
     0 | D:1      | Reached XP level 1. HP: 9/9 MP: 5/5
   351 | D:1      | Reached XP level 2. HP: 5/13 MP: 3/6
  1012 | D:1      | Learned a level 2 spell: Ensorcelled Hibernation
  1294 | D:1      | Reached XP level 3. HP: 16/16 MP: 0/8
  1608 | D:1      | Learned a level 3 spell: Confuse
  2384 | D:2      | Reached XP level 4. HP: 21/21 MP: 3/9
  3246 | D:2      | Found a white marble altar of Elyvilon.
  3438 | D:2      | Reached skill level 5 in Short Blades
  3576 | D:3      | Found a transporter.
  3652 | D:3      | Found a transporter.
  3653 | D:3      | Noticed nikopol's ghost (amateur DEFE)
  3744 | D:3      | Reached XP level 5. HP: 24/24 MP: 2/10
  3819 | D:3      | Found an ornate altar of the Wu Jian Council.
  3889 | D:3      | Found a sacrificial altar of Ru.
  4201 | D:4      | Reached skill level 5 in Stealth
  4781 | D:4      | Reached XP level 6. HP: 28/28 MP: 9/12
  4921 | D:4      | Reached skill level 6 in Stealth
  5116 | D:4      | Found an ancient bone altar of Kikubaaqudgha.
  5367 | D:4      | Reached skill level 5 in Hexes
  5373 | D:4      | Became a worshipper of Kikubaaqudgha
  5622 | D:4      | Found a sparkling altar of Nemelex Xobeh.
  5805 | D:5      | Entered Level 5 of the Dungeon
  5897 | D:5      | Reached skill level 7 in Stealth
  6220 | D:5      | Reached skill level 8 in Stealth
  6220 | D:5      | Reached XP level 7. HP: 32/32 MP: 14/14
  6491 | D:5      | Reached skill level 1 in Fighting
  6692 | D:6      | Found a staircase to the Ecumenical Temple.
  6840 | D:6      | Reached * piety under Kikubaaqudgha
  6840 | D:6      | Identified Kikubaaqudgha's Tome of Evil Rituals
                  | (Kikubaaqudgha gifted it to you on level 6 of the Dungeon)
  6840 | D:6      | Received a gift from Kikubaaqudgha
  7117 | D:6      | Reached XP level 8. HP: 37/39 MP: 8/15
  7468 | D:7      | Found Luesokh's Gadget Shoppe.
  7470 | D:7      | Noticed Dowan
  7475 | D:7      | Upgraded the game from 0.23-a0-494-g91793a9 to
                  | 0.23-a0-512-g50a8178
  7478 | D:7      | Noticed a hippogriff
  7480 | D:7      | Noticed Prince Ribbit
  7489 | D:7      | Killed a hippogriff
  7624 | D:7      | Reached skill level 5 in Dodging
  7644 | D:7      | Found a glowing golden altar of the Shining One.
  7943 | D:7      | Reached ** piety under Kikubaaqudgha
  8426 | D:7      | Killed Prince Ribbit
  8429 | D:7      | Learned a level 1 spell: Animate Skeleton
  8716 | D:8      | Reached XP level 9. HP: 44/44 MP: 12/16
  8823 | D:8      | Found a sand-covered staircase.
  8830 | Ossuary  | Entered an ossuary
  9172 | Ossuary  | Reached skill level 9 in Stealth
  9412 | D:8      | Found a shadowy altar of Dithmenos.
  9956 | D:7      | Noticed Duvessa
 10066 | D:8      | Reached skill level 10 in Stealth
 10505 | D:8      | Reached skill level 5 in Fighting
 10524 | D:8      | Noticed a two-headed hydra
 10527 | D:8      | Killed a two-headed hydra
 10527 | D:8      | Reached skill level 11 in Stealth
 10527 | D:8      | Reached XP level 10. HP: 51/51 MP: 17/17
 10611 | D:9      | Noticed Grum
 11095 | D:9      | Noticed a death yak
 11193 | D:9      | Noticed a death yak
 11233 | D:9      | Noticed a death yak
 11369 | D:10     | Entered Level 10 of the Dungeon
 11373 | D:10     | Reached *** piety under Kikubaaqudgha
 11373 | D:10     | Identified Kikubaaqudgha's Compendium of Dark Secrets
                  | (Kikubaaqudgha gifted it to you on level 10 of the Dungeon)
 11373 | D:10     | Received a gift from Kikubaaqudgha
 11652 | D:10     | Noticed tilp's ghost (journeyman MfIE)
 11653 | D:10     | Found a runed door.
 11678 | D:10     | Reached skill level 12 in Stealth
 11829 | D:10     | Found a sparkling altar of Nemelex Xobeh.
 11874 | D:10     | Learned a level 3 spell: Regeneration
 12119 | D:10     | Reached skill level 1 in Necromancy
 12598 | D:10     | Found a runed door.
 12599 | D:10     | Found a basalt altar of Yredelemnul.
 12703 | D:10     | Reached **** piety under Kikubaaqudgha
 12782 | D:10     | Reached skill level 5 in Spellcasting
 12904 | D:10     | Noticed a two-headed ogre
 12918 | D:10     | Killed a two-headed ogre
 12918 | D:10     | Reached XP level 11. HP: 56/56 MP: 11/20
 13252 | D:3      | Killed nikopol's ghost
 13364 | D:7      | Killed Dowan
 13364 | D:7      | Reached skill level 10 in Dodging
 13425 | D:7      | Killed Duvessa
 14052 | D:11     | Noticed a cyan ugly thing
 14072 | D:11     | Killed a cyan ugly thing
 14072 | D:11     | Reached skill level 13 in Stealth
 14166 | D:11     | Noticed a two-headed ogre
 14276 | D:11     | Noticed an unseen horror
 14281 | D:11     | Killed an unseen horror
 14406 | D:11     | Reached ***** piety under Kikubaaqudgha
 14455 | D:11     | Noticed a cyan ugly thing
 14462 | D:11     | Killed a cyan ugly thing
 14618 | D:11     | Found a frozen archway.
 14631 | D:11     | Killed a two-headed ogre
 14877 | D:9      | Killed Grum
 14965 | D:9      | Found a staircase to the Lair.
 15166 | Lair:1   | Entered Level 1 of the Lair of Beasts
 15181 | Lair:1   | Noticed Joseph
 15256 | Lair:1   | Killed Joseph
 15359 | Lair:1   | Learned a level 3 spell: Tukima's Dance
 15750 | Lair:1   | Reached skill level 10 in Hexes
 15769 | Lair:1   | Reached skill level 14 in Stealth
 16178 | Lair:1   | Reached skill level 10 in Short Blades
 16287 | Lair:1   | Reached XP level 12. HP: 61/61 MP: 19/22
 16772 | Lair:2   | Reached skill level 15 in Stealth
 16784 | Lair:2   | Noticed Gastronok
 16800 | Lair:2   | Killed Gastronok
 16890 | Lair:3   | Found a hole to the Spider Nest.
 16890 | Lair:3   | Noticed a five-headed hydra
 16895 | Lair:3   | Killed a five-headed hydra
 16916 | Lair:3   | Found an opulent altar of Gozag.
 16927 | Lair:3   | Learned a level 2 spell: Sublimation of Blood
 16931 | Lair:3   | Learned a level 3 spell: Dazzling Spray
 16941 | Lair:3   | Noticed a five-headed hydra
 16949 | Lair:3   | Killed a five-headed hydra
 17161 | Lair:3   | Reached skill level 15 in Dodging
 17799 | Lair:3   | Noticed a catoblepas
 18431 | Lair:4   | Identified a scroll of acquirement
 18556 | Lair:4   | Learned a level 3 spell: Conjure Flame
 18589 | Lair:4   | Reached skill level 5 in Necromancy
 18688 | Lair:4   | Reached XP level 13. HP: 62/66 MP: 4/24
 19190 | Lair:4   | Reached ****** piety under Kikubaaqudgha
 19674 | Lair:4   | Found a staircase to the Swamp.
 19713 | Lair:4   | Reached skill level 16 in Stealth
 19992 | Lair:5   | Found a staircase to the Slime Pits.
 21143 | Lair:6   | Entered Level 6 of the Lair of Beasts
 21332 | Lair:6   | Found a dark tunnel.
 21385 | Volcano  | Entered a volcano
 21493 | Volcano  | Noticed a red draconian
 22129 | Lair:5   | Reached skill level 17 in Stealth
 23338 | Lair:6   | Got a blackened long sword
 23650 | Lair:6   | Reached XP level 14. HP: 74/74 MP: 12/27
 24326 | Lair:6   | Got a wavering wooden ring
 24336 | Lair:6   | Identified the ring of the Sunfish {rCorr +Blink rC- Str+3
                  | Int+3} (You found it on level 6 of the Lair of Beasts)
 24436 | Lair:6   | Reached skill level 18 in Stealth
 25395 | D:12     | Identified the +4 long sword of Earthquakes {freeze, rElec
                  | Str+2 Dex-5} (You found it on level 6 of the Lair of
                  | Beasts)
 25405 | D:12     | Found a flagged portal.
 25464 | D:12     | Learned a level 1 spell: Apportation
 25466 | D:12     | Learned a level 1 spell: Summon Butterflies
 25533 | Bailey   | Entered a bailey
 25658 | Bailey   | Reached skill level 1 in Evocations
 25899 | Bailey   | Identified the cursed +3 long sword of Annoyance {freeze,
                  | *Rage +Inv Int+3 Dex+7}
 26108 | D:12     | Found Woqa's Distillery.
 26477 | D:12     | Found Waigof's Food Shop.
 26531 | D:12     | Found Muamin's Weapon Boutique.
 26535 | D:12     | Found a staircase to the Orcish Mines.
 26922 | Orc:1    | Entered Level 1 of the Orcish Mines
 27124 | Orc:2    | Entered Level 2 of the Orcish Mines
 27373 | Orc:1    | Found a roughly hewn altar of Beogh.
 27613 | Orc:1    | Reached skill level 1 in Summonings
 28412 | Orc:2    | Found a staircase to the Elven Halls.
 28824 | Orc:2    | Noticed Donald
 28832 | Orc:2    | Killed Donald
 29113 | Orc:2    | Found Mujy's General Store.
 29335 | Orc:2    | Found Kinexifo's Food Shop.
 30357 | Orc:2    | Reached skill level 10 in Fighting
 30391 | Orc:2    | Reached skill level 5 in Evocations
 30747 | Orc:2    | Reached skill level 19 in Stealth
 30874 | Orc:2    | Found Ynipur's Gadget Emporium.
 30874 | Orc:2    | Found Nehelaf's Antique Weapon Shoppe.
 30875 | Orc:2    | Found a one-way gate leading to the halls of Pandemonium.
 31351 | D:7      | Bought a lamp of fire for 440 gold pieces
 31351 | D:7      | Bought a phantom mirror for 330 gold pieces
 32103 | D:13     | Noticed Erolcha
 32109 | D:13     | Killed Erolcha
 32134 | D:13     | Found an ancient bone altar of Kikubaaqudgha.
 32346 | D:13     | Noticed Kirke
 32369 | D:13     | Killed Kirke
 32474 | D:13     | Reached XP level 15. HP: 70/80 MP: 15/28
 33583 | D:14     | Reached skill level 20 in Stealth
 34011 | D:14     | Found a gate to the Vaults.
 34352 | D:15     | Entered Level 15 of the Dungeon
 35202 | D:15     | Found a staircase to the Depths.
 35202 | D:15     | Noticed a fire giant
 35739 | D:15     | Reached skill level 21 in Stealth
 36312 | D:15     | Killed from afar by a fire giant

Vault maps used:
D:1:      psy_arrival_basics
D:2:      elyvilon_altar_5
D:3:      nicolae_overflow_crystal_walls, old_standard_altar,
          gammafunk_ghost_mausoleum, st_stairs_10
D:4:      minmay_polygon_palace, kiku_gazebo_garden_becter,
          nemelex_dance_club_becter
D:5:      first_ration, serial_bayou_pond_a, kennysheep_opposing_triangles
D:6:      temple_pool_b
D:7:      tso_metal_star, serial_shops, shop_statue, uniq_duvessa,
          uniq_prince_ribbit1
D:8:      grunt_dithmenos_smoke, gup_ossuary_entry_pyramid, hangedman_ranch
D:9:      dpeg_lair_monsters, minmay_misc_feat_plants, uniq_grum
D:10:     basic_altar, hellmonk_ghost_happy_afterlife, dk_yredelemnul_ordeal
D:11:     portal_ice_cave_entry_pillars_1, serial_column_ruins,
          column_ruins_hut, column_ruins_corridor_dead_end,
          column_ruins_open_small, column_ruins_corridor_straight,
          column_ruins_grid_1, column_ruins_grid_4,
          column_ruins_corridor_straight, column_ruins_grid_3, bh_circular_ruins
D:12:     enter_bailey_3, serial_shops, shop_statue, nicolae_shop_waterfront,
          shop
D:13:     basic_altar, minivault_23, uniq_kirke, uniq_erolcha
D:14:     ximxim_vaults_locker_room, chequers_serial_rivers_room_a
D:15:     grunt_enter_depths_giant_problem, hangedman_decor_lopped
Lair:1:   minivault_24, uniq_joseph
Lair:2:   uniq_gastronok
Lair:3:   dummy_spider_entry, basic_altar, grunt_megastairs_4
Lair:4:   palyth_hydra_swamp_entry, grunt_megastairs_3
Lair:5:   dpeg_slime_entry_corner, serial_forest, infiniplex_forest_clump_large,
          infiniplex_forest_straight_2, infiniplex_forest_clump_cross,
          infiniplex_forest_lined_corner, infiniplex_forest_clump_double,
          infiniplex_forest_end_double, lemuel_fruit_fields,
          minmay_lair_oklob_chamber
Lair:6:   minmay_lair_end_frog_pond, nicolae_volcano_entry_batcave
Orc:1:    kennysheep_orc_chapel
Orc:2:    pf_orc_diabolical, uniq_donald
Ossuary:  ossuary_minmay_tomb_2a
Bailey:   bailey_axe_1, bailey
Volcano:  volcano_pools

Skill      XL: |  1  2  3  4  5  6  7  8  9 10 11 12 13 14 15 |
---------------+----------------------------------------------+-----
Short Blades   | 2 3 4 5 7 8 10 | 10.0
Spellcasting   | 3 4 5 6 7 8 |  8.0
Hexes          | 4 5 7 8 10 | 10.0
Stealth        | 5 8 11 12 14 15 17 19 21 | 21.0
Fighting       | 2 3 5 6 8 10 | 10.8
Dodging        | 9 11 15 16 | 16.2
Necromancy     | 2 4 5 7 8 |  8.0
Evocations     | 6 |  6.0
Summonings     | 3 |  3.0

Action                   |  1- 3 |  4- 6 |  7- 9 | 10-12 | 13-15 || total
-------------------------+-------+-------+-------+-------+-------++-------
Melee: Dagger            |   179 |    27 |       |       |       ||   206
       Short sword       |       |   124 |   332 |   605 |   594 ||  1655
       Rapier            |       |       |       |       |   317 ||   317
 Fire: Blowgun           |       |       |       |     3 |       ||     3
Throw: Tomahawk          |       |       |       |       |     6 ||     6
 Cast: Corona            |    17 |     1 |       |       |       ||    18
       Ensorcelled Hiber |    21 |    48 |    47 |   194 |   471 ||   781
       Confuse           |       |     1 |    22 |    26 |    62 ||   111
       Animate Skeleton  |       |       |     1 |       |     4 ||     5
       Tukima's Dance    |       |       |       |       |    93 ||    93
       Dazzling Spray    |       |       |       |       |    19 ||    19
       Apportation       |       |       |       |       |     6 ||     6
       Sublimation of Bl |       |       |       |       |     2 ||     2
       Conjure Flame     |       |       |       |       |     4 ||     4
Evoke: Wand              |       |       |     3 |     2 |     5 ||    10
       Lamp of fire      |       |       |       |       |     1 ||     1
  Use: Scroll            |       |     9 |     9 |    15 |    11 ||    44
       Potion            |       |       |       |       |     1 ||     1
 Stab: Sleeping          |    13 |    35 |    45 |   133 |   233 ||   459
       Distracted        |     1 |     3 |       |     3 |     8 ||    15
       Confused          |       |       |    17 |    15 |    40 ||    72
       Invisible         |       |       |       |       |     2 ||     2
  Eat: Ration            |       |     3 |     4 |     4 |     9 ||    20
Armor: Robe              |    22 |    12 |    19 |     5 |       ||    58
       Troll leather arm |       |       |       |    22 |    80 ||   102
Dodge: Dodged            |   142 |   105 |   217 |   424 |   866 ||  1754

Table legend:
 A = Non-vault XP
 B = Vault XP
 C = Vault XP percentage of total XP
 D = Non-vault monster count
 E = Vault monster count
 F = Vault count percentage of total count
                 A         B        C        D         E       F
            +---------+---------+-------+---------+---------+-------
      Total |   81975 |   49800 |  37.8 |     546 |     244 |  30.9
            +---------+---------+-------+---------+---------+-------
        D:1 |      65 |       0 |   0.0 |      33 |       0 |   0.0
        D:2 |      96 |       0 |   0.0 |      23 |       0 |   0.0
        D:3 |      71 |     240 |  77.2 |      11 |       7 |  38.9
        D:4 |     182 |     159 |  46.6 |      18 |      11 |  37.9
        D:5 |     344 |      14 |   3.9 |      11 |       1 |   8.3
        D:6 |     670 |       0 |   0.0 |      23 |       0 |   0.0
        D:7 |     848 |     495 |  36.9 |      22 |       3 |  12.0
        D:8 |    1109 |    2272 |  67.2 |      18 |       9 |  33.3
        D:9 |     667 |     431 |  39.3 |      10 |       3 |  23.1
       D:10 |    4415 |     160 |   3.5 |      59 |       2 |   3.3
       D:11 |    4424 |      42 |   0.9 |      29 |       2 |   6.5
       D:12 |    4519 |       7 |   0.2 |      37 |       4 |   9.8
       D:13 |    2165 |    3587 |  62.4 |       6 |       4 |  40.0
       D:14 |   10460 |    2598 |  19.9 |      43 |      11 |  20.4
       D:15 |   15550 |       0 |   0.0 |      37 |       0 |   0.0
     Lair:1 |    4421 |     430 |   8.9 |      26 |       1 |   3.7
     Lair:2 |    3692 |    2276 |  38.1 |      17 |       1 |   5.6
     Lair:3 |    5596 |    2472 |  30.6 |      18 |      12 |  40.0
     Lair:4 |    4603 |    2805 |  37.9 |      24 |       8 |  25.0
     Lair:5 |    4198 |    1302 |  23.7 |      12 |       5 |  29.4
     Lair:6 |    8730 |   12281 |  58.5 |      28 |      48 |  63.2
      Orc:1 |    1215 |    1144 |  48.5 |      14 |       5 |  26.3
      Orc:2 |    3935 |   14682 |  78.9 |      27 |      58 |  68.2
    Ossuary |       0 |     300 | 100.0 |       0 |      16 | 100.0
     Bailey |       0 |    1642 | 100.0 |       0 |      32 | 100.0
    Volcano |       0 |     461 | 100.0 |       0 |       1 | 100.0
            +---------+---------+-------+---------+---------+-------
